 Dungeon Crawl Stone Soup version 0.19.1-1-g22dce08 (webtiles) character file.

8900 markt42 the Basher (level 11, -9/60 HPs)
             Began as a Gargoyle Monk on Jan 7, 2017.
             Was a High Priest of Okawaru.
             Killed by Ozocubu's Refrigeration
             ... invoked by Fannar
              (15 damage)
             ... on level 10 of the Dungeon.
             The game lasted 00:16:52 (12593 turns).

markt42 the Basher (Gargoyle Monk)                 Turns: 12593, Time: 00:16:53

Health: -9/60      AC: 29    Str: 18    XL:     11   Next: 38%
Magic:  0/3        EV:  3    Int: 10    God:    Okawaru [*****.]
Gold:   555        SH: 14    Dex: 15    Spells: 0 memorised, 10 levels left

rFire  . . .     SeeInvis +     y - +2 flail (antimagic)
rCold  . . .     Gourm    .     s - +1 plate armour
rNeg   + . .     Faith    .     H - +0 large shield
rPois  ∞         Spirit   +     o - +0 helmet
rElec  +         Reflect  .     h - +0 cloak
rCorr  +         Harm     .     t - +0 pair of gloves
MR     .....                    (no boots)
Stlth  ..........               J - amulet of guardian spirit
                                z - ring of resist corrosion
                                i - +3 ring of protection

@: no status effects
A: see invisible, agile 1, frail 1, negative energy resistance 1, electricity
resistance, unbreathing, petrification resistance, rot immunity, AC +7
a: Heroism, Finesse, Renounce Religion


You were on level 10 of the Dungeon.
You worshipped Okawaru.
Okawaru was extremely pleased with you.
You were not hungry.

You visited 1 branch of the dungeon, and saw 10 of its levels.

You collected 555 gold pieces.

Inventory:

Hand Weapons
 y - a +2 antimagic flail (weapon)
Armour
 h - a +0 cloak (worn)
 o - a +0 helmet (worn)
 s - a +1 plate armour (worn)
 t - a +0 pair of gloves (worn)
 H - a +0 large shield (worn)
Jewellery
 e - a +2 ring of intelligence
 i - a +3 ring of protection (left hand)
 z - a ring of resist corrosion (right hand)
 J - an amulet of guardian spirit (around neck)
Wands
 b - a wand of paralysis (16/24)
 p - a wand of teleportation (2/9)
 u - a wand of flame (31/48)
 x - a wand of polymorph (22/24)
 D - a wand of digging (24/24)
 Q - a wand of lightning (8/15)
Scrolls
 g - 2 scrolls of teleportation
 k - 2 scrolls of immolation {unknown}
 m - a scroll of noise
 q - a scroll of random uselessness {unknown}
 w - 5 scrolls of remove curse
 A - 2 scrolls of amnesia
 B - a scroll of fog
 C - a scroll of recharging
 E - a scroll of blinking
 G - 2 scrolls of identify
 I - 2 scrolls of vulnerability {unknown}
 L - 2 scrolls of fear
 M - a scroll of summoning {unknown}
 P - a scroll of magic mapping
Potions
 j - a potion of degeneration
 l - 2 potions of curing
 r - a potion of cancellation
 v - 2 potions of might
 F - a potion of magic
 N - a potion of agility {unknown}
Books
 a - a book of Geomancy

   Spells                             Type                      Level
   a - Sandblast                      Earth                        1
   b - Passwall                       Transmutation/Earth          2
   c - Stone Arrow                    Conjuration/Earth            3
   d - Petrify                        Transmutation/Earth          4
   e - Lee's Rapid Deconstruction     Earth                        5
 K - a book of Enchantments

   Spells                             Type                      Level
   a - Cause Fear                     Hexes                        4
   b - Yara's Violent Unravelling     Hexes/Transmutation          5
   c - Silence                        Hexes/Air                    5
   d - Deflect Missiles               Charms/Air                   6
   e - Discord                        Hexes                        8
Comestibles
 c - 8 bread rations
 d - 2 beef jerkies
 f - 4 meat rations
 n - 9 fruits
 O - 2 chunks of flesh


   Skills:
 + Level 7.3 Fighting
 * Level 12.9 Maces & Flails
 * Level 9.2 Armour
 + Level 3.3 Dodging
 + Level 2.7 Stealth
 + Level 4.3 Shields


You had 10 spell levels left.
You didn't know any spells.

Dungeon Overview and Level Annotations

Branches:
Dungeon (10/15)            Temple (0/1) D:7
   Lair: D:8-11         Orc: D:9-12

Altars:
Ashenzari
Cheibriados
Fedhas
Gozag
Hepliaklqana
Kikubaaqudgha
Nemelex Xobeh
Okawaru
Trog
Uskayaw
Vehumet
Zin

Shops:
D:4 %

Annotations:
D:10 Fannar


Innate Abilities, Weirdness & Mutations

You are resistant to torment.
Your stone body is resilient. (AC +7)
You are immune to poison.
You resist negative energy. (rN+)
You are resistant to electric shocks. (rElec)
You can survive without breathing.
You are immune to petrification.
You are immune to rotting.
You have supernaturally acute eyesight. (SInv)
You are agile. (Dex +2)
You are frail. (-10% HP)


Message History

Fannar the Cold-Hearted comes into view.
He is wielding a staff of cold.
Fannar shouts!
Fannar gestures wildly while chanting.
Fannar drains the heat from the surrounding environment!
You feel very cold.
* * * LOW HITPOINT WARNING * * *
Fannar is frozen.
Fannar resists.
Fannar is lightly wounded.
A yak comes into view.
Fannar gestures wildly while chanting.
Fannar drains the heat from the surrounding environment!
You feel very cold.
* * * LOW HITPOINT WARNING * * *
Fannar is frozen.
Fannar resists.
Fannar is lightly wounded.
Fannar mumbles some strange words.
Fannar gestures wildly while chanting.
Fannar drains the heat from the surrounding environment!
You feel very cold.
You die...

.....#....#............#.......^.
.....#....#.Ye.........#.........
.....#....#............#######...
.....#....#............#.........
.....#....#............#.........
.....# #............#.........
.....# #............#.........
....## ####.......######.........
....# .........@................
....# ...........................
....# .......................#...
....# .......................#...
##############.........#.....#...
...#...................#######...
...#...........(.......#.........
...#...................#.........
...#...................#.........


You could see Fannar and an ice beast.

Vanquished Creatures
  A kobold demonologist (D:9)
  A troll (D:9)
  Grinder (D:3)
  Prince Ribbit (D:8)
  A hornet (D:7)
  A hippogriff (D:8)
  Sigmund (D:5)
  A shadow (D:9)
  4 yaks (D:9)
  A wyvern (D:10)
  A wraith (D:10)
  3 orc warriors (D:7)
  2 ice beasts (D:7)
  2 phantoms
  2 sky beasts
  2 black bears
  A necrophage (D:8)
  7 ogres
  2 eyes of draining (D:7)
  5 centaurs
  15 big kobolds
  8 bullfrogs
  5 scorpions
  8 killer bees (D:7)
  10 howler monkeys
  4 wights (D:9)
  6 crimson imps
  2 bullfrog zombies
  5 hounds
  A quasit (D:10)
  A bullfrog skeleton (D:8)
  4 jellies
  2 iguanas
  4 orc priests
  7 orc wizards
  2 centaur skeletons
  6 worker ants
  A hound zombie (D:6)
  A hound skeleton (D:3)
  Robin (D:2)
  A worker ant zombie (D:7)
  13 gnolls
  7 adders
  An ooze (D:2)
  An adder skeleton (D:4)
  A worm (D:1)
  2 dart slugs
  4 leopard geckos
  34 orcs
  A ball python (D:2)
  6 bats
  3 giant cockroaches
  15 goblins
  10 hobgoblins
  10 jackals
  21 kobolds
  5 quokkas
  4 frilled lizards
  A quokka skeleton (D:9)
  10 rats
  2 rat zombies (D:6)
285 creatures vanquished.

Notes
Turn   | Place    | Note
-------+----------+-------------------------------------------
     0 | D:1      | markt42 the Gargoyle Monk began the quest for the Orb.
     0 | D:1      | Reached XP level 1. HP: 14/14 MP: 1/1
   240 | D:1      | Reached XP level 2. HP: 18/19 MP: 2/2
   918 | D:2      | Reached XP level 3. HP: 15/24 MP: 3/3
  1129 | D:2      | Reached skill level 1 in Armour
  1226 | D:2      | Noticed Robin
  1256 | D:2      | Reached XP level 4. HP: 23/29 MP: 4/4
  1614 | D:1      | Reached skill level 4 in Maces & Flails
  1883 | D:2      | Killed Robin
  2544 | D:3      | Reached XP level 5. HP: 13/33 MP: 5/5
  2776 | D:3      | Noticed Grinder
  2813 | D:3      | Paralysed by Grinder for 6 turns
  2819 | D:3      | Killed Grinder
  2819 | D:3      | Reached skill level 5 in Maces & Flails
  2819 | D:3      | Reached XP level 6. HP: 24/38 MP: 6/6
  3111 | D:3      | Reached skill level 6 in Maces & Flails
  3847 | D:3      | Found an iron altar of Okawaru.
  3895 | D:3      | Became a worshipper of Warmaster Okawaru
  3895 | D:3      | Reached * piety under Okawaru
  3895 | D:3      | Reached ** piety under Okawaru
  4067 | D:3      | Reached XP level 7. HP: 40/43 MP: 7/7
  4094 | D:3      | Found a snail-covered altar of Cheibriados.
  4297 | D:4      | Found a radiant altar of Vehumet.
  4834 | D:4      | Found Koiffub's Food Emporium.
  4841 | D:4      | Found an opulent altar of Gozag.
  4935 | D:5      | Entered Level 5 of the Dungeon
  4935 | D:5      | Noticed Sigmund
  5187 | D:5      | Gained mutation: You have supernaturally acute eyesight. (SInv) [potion of mutation]
  5187 | D:5      | Gained mutation: You are agile. (Dex +2) [potion of mutation]
  5187 | D:5      | Gained mutation: You are frail. (-10% HP) [potion of mutation]
  5199 | D:5      | Killed Sigmund
  5199 | D:5      | Reached skill level 7 in Maces & Flails
  5200 | D:5      | Found a hazy altar of Hepliaklqana.
  5565 | D:5      | Reached XP level 8. HP: 43/43 MP: 8/8
  5935 | D:5      | Got a fine spear
  5936 | D:5      | Identified the +5 spear of Battle {distort, rC+ rN+ Str-3 Dex+4} (You found it on level 5 of the Dungeon)
  6223 | D:6      | Reached skill level 5 in Armour
  6265 | D:6      | Reached skill level 5 in Fighting
  6265 | D:6      | Reached skill level 8 in Maces & Flails
  6345 | D:6      | Found a glowing silver altar of Zin.
  6651 | D:6      | Reached *** piety under Okawaru
  6983 | D:6      | Found an ancient bone altar of Kikubaaqudgha.
  7413 | D:7      | Reached skill level 9 in Maces & Flails
  7430 | D:6      | Reached XP level 9. HP: 32/48 MP: 9/9
  7802 | D:7      | Found a blossoming altar of Fedhas.
  7803 | D:7      | Noticed a hornet
  7832 | D:7      | Killed a hornet
  8100 | D:7      | Reached skill level 10 in Maces & Flails
  8270 | D:7      | Reached **** piety under Okawaru
  8341 | D:7      | Found a radiant altar of Vehumet.
  9055 | D:7      | Found a bloodstained altar of Trog.
  9100 | D:7      | Reached skill level 11 in Maces & Flails
  9100 | D:7      | Reached XP level 10. HP: 32/54 MP: 0/10
  9620 | D:7      | Found a staircase to the Ecumenical Temple.
 10102 | D:8      | Noticed Prince Ribbit
 10120 | D:8      | Killed Prince Ribbit
 10201 | D:8      | Reached ***** piety under Okawaru
 10436 | D:8      | Found a sparkling altar of Nemelex Xobeh.
 10436 | D:8      | Found a faded altar of an unknown god.
 10441 | D:8      | Found a faded altar of an unknown god.
 10443 | D:8      | Found a faded altar of an unknown god.
 10463 | D:8      | Found a faded altar of an unknown god.
 10489 | D:8      | Found a shattered altar of Ashenzari.
 11109 | D:9      | Noticed a kobold demonologist
 11138 | D:9      | Noticed a smoke demon
 11150 | D:9      | Killed a kobold demonologist
 11150 | D:9      | Reached skill level 12 in Maces & Flails
 11153 | D:9      | Reached skill level 1 in Shields
 11307 | D:9      | Reached XP level 11. HP: 32/60 MP: 3/11
 11846 | D:9      | Noticed a hand axe
 11847 | D:9      | Noticed an enchanted hand axe
 11850 | D:9      | Found a hide-covered altar of Uskayaw.
 11861 | D:9      | Received a gift from Okawaru
 12176 | D:10     | Entered Level 10 of the Dungeon
 12559 | D:10     | Noticed Fannar
 12593 | D:10     | Killed from afar by Fannar

Skill      XL: |  1  2  3  4  5  6  7  8  9 10 11 |
---------------+----------------------------------+-----
Armour         | 1 2 4 5 7 9 |  9.2
Maces & Flails | 4 5 6 7 9 11 12 | 12.9
Fighting       | 4 5 7 |  7.3
Dodging        | 3 |  3.3
Shields        | 2 4 |  4.3
Stealth        | |  2.7

Action                   |  1- 3 |  4- 6 |  7- 9 | 10-12 || total
-------------------------+-------+-------+-------+-------++-------
Melee: Mace              |   153 |   279 |   702 |    12 ||  1146
       Flail             |       |       |       |   687 ||   687
  Use: Scroll            |       |       |    12 |       ||    12
       Potion            |       |       |    12 |     3 ||    15
 Stab: Sleeping          |     2 |     1 |       |       ||     3
  Eat: Chunk             |     1 |     9 |    17 |    12 ||    39
       Royal jelly       |       |       |       |     1 ||     1
Armor: Robe              |    84 |    25 |       |       ||   109
       Plate armour      |       |   208 |   590 |   501 ||  1299
Dodge: Dodged            |   152 |    97 |   237 |   113 ||   599
Block: Large shield      |       |       |       |   333 ||   333
